 Dungeon Crawl Stone Soup version 0.29.0-4-gdea44cf6ec (webtiles) character file.

Game seed: 1651735604959323240

58 qw the Chopper (level 4, -4/26 HPs)
             Began as a Tengu Warper on Aug 28, 2022.
             Killed from afar by Sigmund (6 damage)
             ... with a magic dart
             ... on level 2 of the Dungeon.
             The game lasted 00:00:06 (893 turns).

qw the Chopper (Tengu Warper)                        Turns: 893, Time: 00:00:07

Health: -4/26      AC:  3    Str: 13    XL:     4   Next: 1%
Magic:  8/8        EV: 12    Int: 13    God:
Gold:   77         SH:  0    Dex: 14    Spells: 7/7 levels left

rFire   . . .      SeeInvis .   Y - +0 hand axe
rCold   . . .      Faith    .   (no shield)
rNeg    . . .      Spirit   .   b - +0 leather armour
rPois   .          Reflect  .   (helmet restricted)
rElec   .          Harm     .   (no cloak)
rCorr   .          Rampage  .   (no gloves)
Will    .....                   (boots unavailable)
Stlth   +.........              (no amulet)
HPRegen 0.08/turn               (no ring)
MPRegen 0.11/turn               (no ring)

@: confused
A: beak, talons 3
a: no special abilities


You were on level 2 of the Dungeon.
You visited 1 branch of the dungeon, and saw 2 of its levels.

You collected 77 gold pieces.


Innate Abilities, Weirdness & Mutations

You have a beak for a mouth.
You have claws for feet.


   Skills:
 - Level 2.0 Fighting
 + Level 4.6 Axes
 - Level 1.0 Throwing
 - Level 1.1 Armour
 - Level 2.1 Dodging
 - Level 2.0 Spellcasting
 - Level 2.4 Translocations


You had 7 spell levels left.
You didn't know any spells.
Your spell library contained the following spells:

 Spells                   Type           Power      Damage    Failure   Level
 Blink                    Tloc           14%        N/A       19%         2
 Gell's Gravitas          Tloc           7%         N/A       36%         3
 Lesser Beckoning         Tloc           7%         N/A       36%         3
 Teleport Other           Tloc           7%         N/A       36%         3
 Manifold Assault         Tloc           7%         N/A       98%         5

Inventory:

Hand Weapons
 g - a +0 club
 Y - a +0 hand axe (weapon)
Armour
 b - a +0 leather armour (worn)
Scrolls
 f - a scroll of identify

Dungeon Overview and Level Annotations

Branches:
Dungeon (2/15)

Altars:

Shops:
D:1 !

Annotations:
D:2 Sigmund


Message History

You hit the endoplasm.
You kill the endoplasm!
You closely miss Sigmund. Sigmund casts a spell at you.
The magic dart hits you!
You have reached level 4!
You feel agile.
You closely miss Sigmund. You claw Sigmund, but do no damage.
Sigmund is lightly wounded.
Sigmund flickers, as though insubstantial.
Sigmund mumbles some strange words.
Sigmund flickers and vanishes!
Deactivating autopickup; reactivate with Ctrl-A.
You closely miss something. Your kick misses something.
Something completely misses you.
You miss something. You claw something. Your peck misses something.
Something hits you but does no damage.
You closely miss something. Your kick misses something.
You barely miss something. Your kick misses something. Something hits you.
You miss something. You peck something. Something hits you.
You hit something but do no damage. Your kick misses something.
You barely miss something. Your kick misses something. You punch something.
Something hits you.
You closely miss something. Something hits you but does no damage.
You closely miss something. Something hits you.
You hit something but do no damage. You claw something. You slash something!
Something hits you.
You closely miss something. Your peck misses something.
You hear some strange, mumbled words.
You are confused.
You're too confused to attack without stumbling around!
There is a strange disturbance nearby!
You hear some strange, mumbled words.
A magic dart appears from out of thin air!
The magic dart hits you.
You die...

######...###..#
#.....#..#
#.....#..#
#.....#..#
#.....#..#
...##.....#..#
..........#..#
.......###$.#
....... #.@.#
.....#....{.#
.....#.#....#
.$...#.#....#
#### ..#.....
###.....#
......#
##.....#


There were no monsters in sight!

Vanquished Creatures
  Jessica (D:2)
  3 ball pythons (D:1)
  3 bats (D:1)
  4 endoplasms
  4 giant cockroaches
  A goblin (D:1)
  3 hobgoblins
  5 kobolds (D:1)
  3 frilled lizards
  A rat (D:1)
28 creatures vanquished.

Notes
Turn   | Place    | Note
-------+----------+-------------------------------------------
     0 | D:1      | qw the Tengu Warper began the quest for the Orb.
     0 | D:1      | Reached XP level 1. HP: 12/12 MP: 4/4
     0 | D:1      | 0 ||| qw: Version: 0.1-a-89-g26bdef1
     0 | D:1      | 0 ||| qw: Game counter: 2044
     0 | D:1      | 0 ||| qw: Always use a shield: true
     0 | D:1      | 0 ||| qw: God list: Okawaru
     0 | D:1      | 0 ||| qw: Allow faded altars: false
     0 | D:1      | 0 ||| qw: Do Orc after D:15 true
     0 | D:1      | 0 ||| qw: Do second Lair branch before Depths: true
     0 | D:1      | 0 ||| qw: Lair rune preference: random
     0 | D:1      | 0 ||| qw: Plans: Normal
     0 | D:1      | 0 ||| PLANNING D:1-11
    80 | D:1      | 80 ||| Stepping ~*~*~tactically~*~*~ (stealth).
    87 | D:1      | Reached XP level 2. HP: 17/17 MP: 6/6
    88 | D:1      | Reached skill level 3 in Axes
   170 | D:1      | Found a faded altar of an unknown god.
   534 | D:1      | Found Lupimic's Distillery.
   550 | D:1      | 550 ||| SHOPLISTING 2 potions of heal wounds (120 gold,
                  | have 43).
   550 | D:1      | 550 ||| SHOPLISTING potion of haste (120 gold, have 43).
   550 | D:1      | 550 ||| SHOPLISTING potion of heal wounds (60 gold, have
                  | 43).
   550 | D:1      | 550 ||| SHOPLISTING potion of might (48 gold, have 43).
   611 | D:1      | Reached XP level 3. HP: 20/21 MP: 7/7
   634 | D:1      | 634 ||| READING scroll labelled ZAMOKH QICUVOE.
   635 | D:1      | 635 ||| READING 4 scrolls labelled TUBBUEN SIRUM.
   636 | D:1      | 636 ||| READING scroll labelled SENYEQIQETO.
   637 | D:1      | 637 ||| READING 3 scrolls of identify.
   637 | D:1      | 637 ||| IDENTIFYING murky green potion
   638 | D:1      | 638 ||| READING 2 scrolls of identify.
   638 | D:1      | 638 ||| IDENTIFYING sedimented amethyst potion
   639 | D:1      | 639 ||| DROPPING scroll of blinking.
   640 | D:1      | 640 ||| DROPPING potion of lignification.
   641 | D:1      | 641 ||| DROPPING potion of brilliance.
   667 | D:2      | 667 ||| Stepping ~*~*~tactically~*~*~ (stealth).
   769 | D:2      | 769 ||| Stepping ~*~*~tactically~*~*~ (stealth).
   770 | D:2      | 770 ||| Stepping ~*~*~tactically~*~*~ (stealth).
   845 | D:2      | Noticed Jessica
   853 | D:2      | Killed Jessica
   854 | D:2      | Reached skill level 4 in Axes
   874 | D:2      | Noticed Sigmund
   880 | D:2      | Reached XP level 4. HP: 17/26 MP: 8/8
   891 | D:2      | HP: 2/26 [something (6)]
   893 | D:2      | Killed from afar by Sigmund

Levels and vault maps discovered:
D:1:      minmay_arrival_five_plusses, layout_rooms, serial_shops, shop,
          ebering_ecumenical_altar_box
D:2:      layout_basic, uniq_jessica, uniq_sigmund

Skill      XL: |  1  2  3 |
---------------+----------+-----
Axes           | 3 4 |  4.6
Fighting       | |  2.0
Throwing       | |  1.0
Armour         | |  1.1
Dodging        | |  2.1
Spellcasting   | |  2.0
Translocations | |  2.4

Action                   |  1- 3 |  4- 6 || total
-------------------------+-------+-------++-------
Melee: Hand axe          |    53 |    13 ||    66
       Kick              |    13 |     3 ||    16
       Punch             |     1 |     1 ||     2
       Peck              |     8 |     1 ||     9
Throw: Boomerang         |     7 |       ||     7
  Use: Scroll            |     5 |       ||     5
Armor: Leather armour    |    13 |     2 ||    15
Dodge: Dodged            |    29 |     1 ||    30

Table legend:
 A = Non-vault XP
 B = Vault XP
 C = Vault XP percentage of total XP
 D = Non-vault monster count
 E = Vault monster count
 F = Vault count percentage of total count
                 A         B        C        D         E       F
            +---------+---------+-------+---------+---------+-------
      Total |      46 |      37 |  44.6 |      27 |       1 |   3.6
            +---------+---------+-------+---------+---------+-------
        D:1 |      35 |       0 |   0.0 |      21 |       0 |   0.0
        D:2 |      11 |      37 |  77.1 |       6 |       1 |  14.3
            +---------+---------+-------+---------+---------+-------
